 Dungeon Crawl Stone Soup version 0.25.1-8-g42b30a86e7 (webtiles) character file.

Game seed: 4999767624875369308

65 Descartes the Skirmisher (level 3, -4/29 HPs)
             Began as a Demonspawn Chaos Knight on Dec 27, 2020.
             Was a Plaything of Xom.
             Slain by a gnoll
             ... wielding a +0 flail
              (11 damage)
             ... on level 2 of the Dungeon.
             The game lasted 00:05:57 (1132 turns).

Descartes the Skirmisher (Demonspawn Chaos Knight)  Turns: 1132, Time: 00:05:58

Health: -4/29      AC:  5    Str: 13    XL:     3   Next: 94%
Magic:  3/3        EV: 12    Int: 13    God:    Xom [..*...]
Gold:   23         SH:  0    Dex: 12    Spells: 2/2 levels left

rFire    . . .     SeeInvis .   a - +0 falchion (chaos)
rCold    . . .     Gourm    .   (no shield)
rNeg     . . .     Faith    .   b - +2 leather armour
rPois    .         Spirit   .   (no helmet)
rElec    .         Reflect  .   (no cloak)
rCorr    .         Harm     .   (no gloves)
MR       .....                  (no boots)
Stlth    +.........             (no amulet)
HPRegen  0.09/turn              (no ring)
MPRegen  0.08/turn              (no ring)

@: no status effects
A: demonic guardian 1
a: Renounce Religion


You were on level 2 of the Dungeon.
You worshipped Xom.
You were a toy of Xom.
You were not hungry.

You visited 1 branch of the dungeon, and saw 2 of its levels.

You collected 23 gold pieces.

Inventory:

Hand Weapons
 a - a +0 falchion of chaos (weapon)
 m - a +0 hunting sling
Missiles
 e - 50 stones (quivered)
 f - 50 bolts
 g - 14 poisoned darts
 k - 8 atropa-tipped darts
 r - 10 sling bullets
Armour
 b - a +2 leather armour (worn)
 j - a +0 scale mail
Scrolls
 l - 3 scrolls of identify {unknown}
 o - a scroll of teleportation {unknown}
 p - a scroll of immolation {unknown}
 t - a scroll of fog {unknown}
Potions
 d - a potion of haste {unknown}
 h - a potion of curing {unknown}
 i - a potion of lignification {unknown}
 q - a potion of degeneration {unknown}
 s - a potion of resistance {unknown}
 u - 2 potions of stabbing {unknown}
Comestibles
 c - 2 rations
 n - 7 chunks of flesh


   Skills:
 + Level 3.5 Fighting
 + Level 3.1 Long Blades
 + Level 2.4 Armour
 + Level 1.8 Dodging


You had 2 spell levels left.
You didn't know any spells.
Your spell library was empty.

Dungeon Overview and Level Annotations

Branches:
Dungeon (2/15)

Altars:


Innate Abilities, Weirdness & Mutations

A weak demonic guardian rushes to your aid.


Message History

The hobgoblin hits your iron imp with a +0 club.
Your iron imp barely misses the gnoll.
You closely miss the gnoll. The gnoll hits you.
A goblin comes into view. It is wielding a -2 dagger.
The gnoll closely misses you.
You riposte.
You closely miss the gnoll.
The hobgoblin hits your iron imp but does no damage.
The gnoll closely misses you.
You riposte.
You barely miss the gnoll.
Your iron imp hits the gnoll.
You barely miss the gnoll.
The gnoll is lightly wounded.
The gnoll hits you with a +0 flail!
* * * LOW HITPOINT WARNING * * *
The hobgoblin hits your iron imp but does no damage.
The gnoll barely misses you.
You hit the gnoll. You drain the gnoll.
The gnoll is heavily wounded.
Your iron imp hits the gnoll!
The gnoll dies!
The gnoll hits you with a +0 flail!
You die...

### ######. ..# #. .
..#### #####. #.
#.##.#### #..÷.. ..
#.##.##.# #.####
#.#.###.##.##.#####.##.#
.....gg.........>.#.##.#
.....gg5.#.##.##.......#
.##.##@.#.##.####..##.#
#..#^##.####..##.#
#....##..........÷
#.?#.##.####..##..
#..#.##...........
....#.##.####.#.#.#
#.##.##.##.####.#.#.# #
#.# #..........# #.
######.#....


You could see a gnoll, a hobgoblin, 2 goblins and a friendly iron imp
(summoned).

Vanquished Creatures
  An adder (D:2)
  A gnoll (D:2)
  A leopard gecko (D:2)
  A giant cockroach (D:1)
  6 hobgoblins
  2 jackals (D:2)
  10 kobolds
  3 bats
  4 frilled lizards (D:2)
  5 goblins
  6 rats
40 creatures vanquished.

Vanquished Creatures (collateral kills)
  A gnoll (D:2)
  A bat (D:2)
2 creatures vanquished.

Grand Total: 42 creatures vanquished

Notes
Turn   | Place    | Note
-------+----------+-------------------------------------------
     0 | D:1      | Descartes the Demonspawn Chaos Knight began the quest for
                  | the Orb.
     0 | D:1      | Reached XP level 1. HP: 18/18 MP: 1/1
    49 | D:1      | XOM: silly message
    63 | D:1      | Reached skill level 1 in Dodging
   216 | D:1      | Gained mutation: A weak demonic guardian rushes to your
                  | aid. [demonic ancestry]
   216 | D:1      | Reached XP level 2. HP: 4/24 MP: 2/2
   626 | D:1      | You fall into a shaft and drop 1 floor!
   749 | D:2      | Reached XP level 3. HP: 29/29 MP: 3/3
   946 | D:2      | XOM: cloud trail
  1132 | D:2      | Slain by a gnoll

Illustrated notes

Levels and vault maps discovered:
D:1:      dpeg_arrival_water_temple_mockup, layout_loops_corners
D:2:      layout_basic

Skill      XL: |  1  2 |
---------------+-------+-----
Dodging        | 1 |  1.8
Armour         | 2 |  2.4
Long Blades    | 3 |  3.1
Fighting       | |  3.5

Action                   || total
-------------------------++-------
Melee: Falchion          ||   112
  Eat: Chunk             ||     1
Armor: Leather armour    ||    33
Dodge: Dodged            ||    84
       Rpst.: Falchion   ||    21
